 Dungeon Crawl Stone Soup version 0.13.0-25-g43d4df3 (webtiles) character file.

248 Duskembrace the Ruffian (level 5, 0/32 HPs)
             Began as a Gargoyle Monk on Oct 29, 2013.
             Slain by an adder (2 damage)
             ... in a sewer on Oct 30, 2013.
             The game lasted 00:14:22 (2781 turns).

Duskembrace the Ruffian (Gargoyle Monk)             Turns: 2781, Time: 00:14:22

HP   0/32        AC  9     Str 16      XL: 5   Next: 94%
MP   4/4         EV 10     Int 10      God:
Gold 31          SH  0     Dex 12      Spells:  0 memorised,  4 levels left

Res.Fire  : . . .   See Invis. : .     - Unarmed
Res.Cold  : . . .   Warding    : .   f - +0 ring mail
Life Prot.: + . .   Conserve   : .   (no shield)
Res.Poison: +       Res.Corr.  : .   (no helmet)
Res.Elec. : +       Clarity    : .   (no cloak)
Sust.Abil.: . .     Spirit.Shd : .   (no gloves)
Res.Mut.  : .       Stasis     : .   (no boots)
Res.Rott. : +       Flight     : .   (no amulet)
Saprovore : . . .                    (no ring)
                                     (no ring)

@: slightly resistant to hostile enchantments, very unstealthy
A: fangs 1, talons 2, life protection 1, electricity resistance, slow metabolism
1, unbreathing, petrification resistance, AC +4
a: no special abilities


You were in a sewer.
You were not hungry.

You visited 1 branch of the dungeon, and saw 3 of its levels.
You also visited: Sewer.

You collected 31 gold pieces.

Inventory:

Armour
 a - a +0 robe
 f - a +0 ring mail (worn)
Comestibles
 b - 2 bread rations
 c - an apple
 g - a meat ration
Scrolls
 d - a scroll of teleportation {unknown}
 e - 3 scrolls of identify {unknown}
 h - 2 scrolls of recharging {unknown}
 i - 3 scrolls of fog {unknown}
 j - a scroll of curse jewellery {unknown}
 k - a scroll of magic mapping {unknown}
 n - a scroll of curse weapon {unknown}
 p - a scroll of enchant weapon II {unknown}
 r - a scroll of noise {unknown}
 s - 3 scrolls of curse armour {unknown}
 t - a scroll of enchant weapon I {unknown}
Potions
 l - 2 potions of speed
 u - a potion of might {unknown}
 v - a potion of magic {unknown}


   Skills:
 - Level 3.2 Fighting
 + Level 2.1 Armour
 - Level 2.4 Dodging
 - Level 2.1 Stealth
 + Level 7.2 Unarmed Combat


You had 4 spell levels left.
You didn't know any spells.

Dungeon Overview and Level Annotations

Branches:
Dungeon (3/27)

Altars:
Yredelemnul


Innate Abilities, Weirdness & Mutations

You are resistant to torment.
You are immune to poison.
Your stone body is very resilient (AC +4).
You have very sharp teeth.
You have razor-sharp toenails.
You resist negative energy.
You are resistant to electric shocks.
You have a slow metabolism.
You can survive without breathing.
You are immune to petrification.


Message History

* * * LOW HITPOINT WARNING * * *
The adder bites you but does no damage. The adder closely misses you.
The adder bites you.
* * * LOW HITPOINT WARNING * * *
The adder bites you but does no damage. The adder closely misses you.
The adder barely misses you. The adder closely misses you.
The adder bites you but does no damage. The adder closely misses you.
The adder bites you but does no damage. The adder closely misses you.
The ball python bites you but does no damage.
The ball python closely misses you. The adder bites you but does no damage.
The adder completely misses you. The adder closely misses you.
The ball python bites you.
* * * LOW HITPOINT WARNING * * *
The ball python barely misses you. The adder closely misses you.
The adder bites you.
* * * LOW HITPOINT WARNING * * *
The adder bites you.
You die...

'..# #..# #### # ##
.#####################
...≈≈≈≈≈≈.≈≈≈≈≈≈≈≈≈≈.###
...≈≈≈≈≈.≈≈≈≈≈≈S≈≈≈....##
...≈≈≈%≈≈$≈≈≈SSS@≈≈≈....##
...≈≈%≈≈≈)≈.≈≈≈SS≈≈......#
...≈≈%≈≈.≈≈≈≈≈≈S≈≈≈......##
#..≈≈≈%≈≈.≈≈≈≈≈≈≈≈≈≈......#
#####################.....#
####....## #..'.....#
#..##....# #####....#


You could see 5 adders and 2 ball pythons.

Vanquished Creatures
  7 adders
  3 green rats (Sewer)
  2 giant mites (D:3)
  An ooze (D:1)
  9 ball pythons (Sewer)
  7 giant cockroaches
  3 goblins (D:2)
  17 grey rats (Sewer)
  5 hobgoblins
  7 bats
  3 giant geckos
  6 giant newts
  4 kobolds
  14 rats
88 creatures vanquished.

Notes
Turn   | Place    | Note
--------------------------------------------------------------
     0 | D:1      | Duskembrace, the Gargoyle Monk, began the quest for the Orb.
     0 | D:1      | Reached XP level 1. HP: 12/12 MP: 0/0
   495 | D:1      | Reached XP level 2. HP: 12/17 MP: 1/1
   800 | D:1      | Reached skill level 5 in Unarmed Combat
  1125 | D:2      | Found a basalt altar of Yredelemnul.
  1309 | D:2      | Reached XP level 3. HP: 9/22 MP: 2/2
  1845 | D:3      | Reached skill level 6 in Unarmed Combat
  1845 | D:3      | Reached XP level 4. HP: 27/27 MP: 3/3
  1951 | D:3      | Found a glowing drain.
  2003 | Sewer    | Entered a sewer
  2202 | Sewer    | Reached XP level 5. HP: 32/32 MP: 4/4
  2224 | Sewer    | Reached skill level 1 in Armour
  2434 | Sewer    | Reached skill level 7 in Unarmed Combat
  2781 | Sewer    | Slain by an adder

Action                   |  1- 3 |  4- 6 || total
-------------------------+-------+-------++-------
Melee: Unarmed           |   113 |   247 ||   360
  Use: Potion            |       |     3 ||     3
 Stab: Sleeping          |     3 |       ||     3
